 Dungeon Sprint DCSS version 0.19.1 (webtiles) character file.

87 equalderp2856 the Gouger (level 4, -2/23 HPs)
             Began as a Felid Fighter on Nov 30, 2016.
             Was an Initiate of Gozag.
             Slain by a brown ugly thing (12 damage)
             ... in the Dungeon (Sprint IX: "|||||||||||||||||||||||||||||").
             The game lasted 00:02:00 (578 turns).

equalderp2856 the Gouger (Felid Fighter)             Turns: 578, Time: 00:02:01

Health: -2/23      AC: -1    Str: 13    XL:     4   Next: 28%
Magic:  5/5        EV: 24    Int:  9    God:    Gozag
Gold:   45         SH:  0    Dex: 15    Spells: 0 memorised, 3 levels left
                                        Lives:  0   Deaths: 1

rFire  . . .     SeeInvis +       - Unarmed
rCold  . . .     Gourm    .     (armour unavailable)
rNeg   . . .     Faith    .     (shield unavailable)
rPois  .         Spirit   .     (helmet unavailable)
rElec  .         Reflect  .     (cloak unavailable)
rCorr  .         Harm     .     (gloves unavailable)
MR     .....     NoTele   +     (boots unavailable)
Stlth  ++........               (no amulet)
                                n - +2 ring of evasion
                                m - +2 ring of protection

@: corroded, gold aura, quick
A: no armour, no weapons or thrown items, stealth, claws 1, fangs 3, see
invisible, carnivore 3, speed 1, shaggy fur 1, slow metabolism 1, sharp paws
a: Potion Petition, Call Merchant, Bribe Branch, Renounce Religion


You were in the Dungeon.
You worshipped Gozag.
Gozag was noncommittal.
You were not hungry.

You visited 1 branch You collected 45 gold pieces.

Inventory:

Jewellery
 m - a +2 ring of protection (left paw)
 n - a +2 ring of evasion (right paw)
Wands
 l - a wand of lightning (7/15)
Scrolls
 h - 2 scrolls of blinking
 j - 3 scrolls of remove curse
 k - 2 scrolls of amnesia
Potions
 a - a potion of might
 c - 5 potions of curing
 d - a potion of invisibility
 e - a potion of haste
 f - 4 potions of magic
 g - a potion of berserk rage
 i - 2 potions of heal wounds
Comestibles
 b - a meat ration


   Skills:
 + Level 5.4 Fighting
 + Level 6.7 Dodging
 + Level 9.3 Unarmed Combat


You had 3 spell levels left.
You didn't know any spells.

Dungeon Overview and Level Annotations

Branches:
Dungeon (1/1)

Altars:
Cheibriados
Dithmenos
Elyvilon
Fedhas
Gozag
Hepliaklqana
Kikubaaqudgha
Makhleb
Nemelex Xobeh
Okawaru
Qazlal
Ru
Sif Muna
Trog
Uskayaw
Vehumet
Xom
Yredelemnul
Zin
The Shining One
Beogh
Jiyva
Lugonu


Innate Abilities, Weirdness & Mutations

You cannot wear armour.
You are incapable of wielding weapons or throwing items.
Your paws allow you to move quietly. (Stealth)
You have sharp claws.
You have razor-sharp teeth.
You have supernaturally acute eyesight. (SInv)
You are carnivorous and can eat meat at any time.
You cover ground quickly.
You are covered in fur. (AC +1)
You have a slow metabolism.
Your sharp claws are effective at attacking unaware monsters.


Message History

The worker ant twitches its antennae in your direction.
The brown ugly thing gurgles horribly!
The centaur warrior shouts!
The wyvern hisses angrily.
You claw the worker ant! You bite the worker ant.
The worker ant is severely wounded.
The worker ant completely misses you.
You claw the worker ant!
You kill the worker ant!
Your Unarmed Combat skill increases to level 9!
Welcome back to level 4!
You scratch the brown ugly thing.
The brown ugly thing is lightly wounded.
You claw the brown ugly thing!
The brown ugly thing is moderately wounded.
The brown ugly thing tentacle-slaps you.
The acid corrodes you!
You are splashed with acid!
The acid burns!
The brown ugly thing tentacle-slaps you!
Ouch! That really hurt!
You die...
Your body crumbles into a pile of gold. $$$$$

$
▓▓▓▓▓▓▓▓▓▓▓▓▓▓▓▓▓▓
▓.................
▓@▓▓▓▓▓▓▓▓▓▓▓▓▓▓▓▓
▓.ucl.OW..+ZSY.5.C
▓▓▓▓▓▓▓▓▓▓▓▓▓▓▓▓▓▓


You could see a brown ugly thing, a centaur warrior, a two-headed ogre, a wyvern
and a shadow.

Vanquished Creatures
  A wight (D)
  A howler monkey (D)
  An orc wizard (D)
  A worker ant (D)
  An adder (D)
  An orc (D)
  A bat (D)
  A goblin (D)
  A hobgoblin (D)
  A kobold (D)
  A quokka (D)
  A frilled lizard (D)
12 creatures vanquished.

Notes
Turn   | Place    | Note
-------+----------+-------------------------------------------
     0 | D        | equalderp2856 the Felid Fighter began the quest for the Orb.
     0 | D        | Reached XP level 1. HP: 10/10 MP: 2/2
    12 | D        | Reached skill level 5 in Unarmed Combat
    18 | D        | Noticed an orc wizard
    18 | D        | Noticed a howler monkey
    23 | D        | Reached XP level 2. HP: 14/14 MP: 3/3
    31 | D        | Killed a howler monkey
    31 | D        | Reached skill level 5 in Dodging
    31 | D        | Reached skill level 7 in Unarmed Combat
    31 | D        | Reached XP level 3. HP: 18/18 MP: 4/4
    52 | D        | Reached skill level 8 in Unarmed Combat
    52 | D        | Reached XP level 4. HP: 7/22 MP: 5/5
   263 | D        | Found a roughly hewn altar of Beogh.
   263 | D        | Found a snail-covered altar of Cheibriados.
   263 | D        | Found a shadowy altar of Dithmenos.
   263 | D        | Found a white marble altar of Elyvilon.
   263 | D        | Found a blossoming altar of Fedhas.
   263 | D        | Found an opulent altar of Gozag.
   264 | D        | Found a hazy altar of Hepliaklqana.
   265 | D        | Found a viscous altar of Jiyva.
   266 | D        | Found an ancient bone altar of Kikubaaqudgha.
   267 | D        | Found a corrupted altar of Lugonu.
   268 | D        | Found a burning altar of Makhleb.
   269 | D        | Found a sparkling altar of Nemelex Xobeh.
   270 | D        | Found an iron altar of Okawaru.
   271 | D        | Found a stormy altar of Qazlal.
   272 | D        | Found a sacrificial altar of Ru.
   273 | D        | Found a deep blue altar of Sif Muna.
   274 | D        | Found a bloodstained altar of Trog.
   275 | D        | Found a hide-covered altar of Uskayaw.
   276 | D        | Found a radiant altar of Vehumet.
   277 | D        | Found a shimmering altar of Xom.
   302 | D        | Found a basalt altar of Yredelemnul.
   303 | D        | Found a glowing silver altar of Zin.
   304 | D        | Found a glowing golden altar of the Shining One.
   345 | D        | Became a worshipper of Gozag Ym Sagoz the Greedy
   382 | D        | Noticed a hill giant
   382 | D        | Noticed a sky beast
   451 | D        | Reached skill level 5 in Fighting
   510 | D        | Annihilated by a hill giant
   511 | D        | Reached XP level 3. HP: -33/19 MP: 4/4
   572 | D        | Noticed a brown ugly thing
   572 | D        | Noticed a centaur warrior
   572 | D        | Noticed a wyvern
   572 | D        | Noticed a two-headed ogre
   572 | D        | Noticed a shadow
   574 | D        | Reached skill level 9 in Unarmed Combat
   574 | D        | Reached XP level 4. HP: 23/23 MP: 5/5
   578 | D        | Slain by a brown ugly thing

Skill      XL: |  1  2  3  4 |
---------------+-------------+-----
Unarmed Combat | 5 7 9 |  9.3
Fighting       | 4 5 |  5.4
Dodging        | 5 6 |  6.7

Action                   |  1- 3 |  4- 6 || total
-------------------------+-------+-------++-------
Melee: Unarmed           |    40 |    15 ||    55
       Bite              |     3 |     1 ||     4
  Use: Potion            |     1 |       ||     1
Armor: Skin              |     1 |       ||     1
Dodge: Dodged            |    23 |     9 ||    32
